 Dungeon Crawl Stone Soup version 0.16-a0-3154-g62f4276 (webtiles) character file.

39 Sierraleon100 the Caregiver (level 3, 0/22 HPs)
             Began as a Lacertilian Healer on May 27, 2015.
             Was a Believer of Elyvilon.
             Killed from afar by an orc wizard (6 damage)
             ... with a magic dart
             ... on level 3 of the Dungeon.
             The game lasted 00:10:37 (2298 turns).

Sierraleon100 the Caregiver (Lacertilian Healer)    Turns: 2298, Time: 00:10:37

Health: 0/22       AC:  7    Str: 11    XL:     3   Next: 26%
Magic:  0/5        EV: 14    Int: 13    God:    Elyvilon [**....]
Gold:   66         SH:  0    Dex: 13    Spells: 0 memorised, 2 levels left

rFire  . . .     SeeInvis .     j - +0 whip
rCold  . . .     Clarity  .     a - +1 robe
rNeg   . . .     SustAb   .     (no shield)
rPois  .         Gourm    .     (no helmet)
rElec  .         Spirit   .     h - +0 cloak
rCorr  .         Warding  .     (no gloves)
rMut   .         Stasis   .     (no boots)
MR     .....                    (no amulet)
Stlth  +++.......               l - +1 ring of evasion
                                e - ring of stealth

@: not resistant to hostile enchantments, fairly stealthy
A: strong connection with the divine, slimy green scales 2, camouflage 1
a: Lesser Healing, Lesser Self-Healing, Divine Protection, Purification,
Renounce Religion


You were on level 3 of the Dungeon.
You worshipped Elyvilon.
Elyvilon was pleased with you.
You were very hungry.

You visited 1 branch of the dungeon, and saw 3 of its levels.

You collected 66 gold pieces.

Inventory:

Hand weapons
 j - a +0 whip (weapon)
Armour
 a - a +1 robe (worn)
 h - a +0 cloak (worn)
Jewellery
 e - a ring of stealth (left hand)
 l - a +1 ring of evasion (right hand)
Potions
 b - 3 potions of curing
 c - a potion of heal wounds
 f - a potion of ambrosia {unknown}
 g - a potion of restore abilities {unknown}
 i - a potion of brilliance {unknown}
 k - a potion of agility {unknown}
Comestibles
 d - 2 bread rations


   Skills:
 + Level 0.7 Fighting
 + Level 3.1 Dodging
 + Level 0.3 Stealth
 + Level 0.5 Unarmed Combat
 + Level 4.3 Invocations


You had 2 spell levels left.
You didn't know any spells.

Dungeon Overview and Level Annotations

Branches:
Dungeon (3/15)

Altars:
The Shining One


Innate Abilities, Weirdness & Mutations

You have a strong connection with the divine.
You may change religions without suffering divine wrath.
You are mostly covered in slimy green scales (AC +3).
Your skin changes colour to match your surroundings (Stealth).


Message History

The magic dart hits you!
Use which ability? (? or * to list)
Press: ? - help, Dir - move target cursor, f/p - orc wizard Heal: an orc wizard, wielding a dagger and wearing a robe The light of Elyvilon fails to reach the orc wizard.
You feel somewhat more hungry. The orc wizard hits you with a dagger.
You hit the orc wizard.
The orc wizard is lightly wounded.
The orc wizard gestures at you while chanting.
The magic dart hits you!
* * * LOW HITPOINT WARNING * * *
You closely miss the orc wizard.
The orc wizard is lightly wounded.
The orc wizard hits you but does no damage.
You closely miss the orc wizard.
The orc wizard is lightly wounded.
The orc wizard gestures at you while chanting.
The magic dart hits you!
You die...

.# #..#.#
#....#'####### .#
#..#.# ##...#.# .#
#o.#.# #...#.# .#
#..#.# #..##.# .#
#..#.####..##.#
.###.............#
............#....#
##..........#....#
####.......##..@#
#.......##.>o#
#.......####.#
#.......# #.#
#.......# #.#
#.......# #.#
#..)....####.#
#.#+###......# #.
########


You could see an orc wizard.

Vanquished Creatures
  3 giant geckos (D:1)
  2 oozes
  An orc (D:3)
  2 giant cockroaches
  2 goblins
  5 bats
  3 giant newts (D:1)
  3 rats (D:1)
21 creatures vanquished.

Vanquished Creatures (others)
  An orc (D:3)
  A goblin (D:3)
  A bat (D:1)
  2 kobolds
  A rat (D:1)
6 creatures vanquished.

Grand Total: 27 creatures vanquished

Notes
Turn   | Place    | Note
--------------------------------------------------------------
     0 | D:1      | Sierraleon100, the Lacertilian Healer, began the quest for the Orb.
     0 | D:1      | Reached XP level 1. HP: 12/12 MP: 2/2
   420 | D:1      | Found a glowing golden altar of the Shining One.
   566 | D:1      | Reached skill level 4 in Invocations
   688 | D:1      | Reached XP level 2. HP: 13/18 MP: 4/4
  1986 | D:3      | Reached XP level 3. HP: 19/22 MP: 3/5
  2298 | D:3      | Killed from afar by an orc wizard

Action                   || total
-------------------------++-------
Melee: Unarmed           ||   110
       Whip              ||    19
Invok: Lesser Healing    ||    52
       Divine Protection ||     1
  Use: Scroll            ||     4
 Stab: Sleeping          ||     2
  Eat: Chunk             ||     2
       Bread ration      ||     2
